 Dungeon Crawl Stone Soup version 0.32-a0-119-g2e8054a333 (webtiles) character file.

Game seed: 10624994158404132003

39 Sobieck the Trooper (level 3, -1/40 HPs)
             Began as an Oni Berserker on Feb 6, 2024.
             Was a Follower of Trog.
             Incinerated by a bombardier beetle (6 damage)
             ... with a burning spray
             ... on level 2 of the Dungeon.
             The game lasted 00:01:08 (983 turns).

Sobieck the Trooper (Oni Berserker)                  Turns: 983, Time: 00:01:08

Health: -1/40      AC:  3    Str: 23    XL:     3   Next: 47%
Magic:  3/3        EV: 10    Int:  8    God:    Trog [*.....]
Gold:   43         SH:  0    Dex:  8    Spells: 2/2 levels left

rFire   . . .        a - +0 mace
rCold   . . .        (no shield)
rNeg    . . .        b - +0 animal skin
rPois   .            (helmet restricted)
rElec   .            (no cloak)
rCorr   .            (gloves unavailable)
SInv    .            (boots unavailable)
Will    .....        (no amulet)
Stlth   +            (no ring)
HPRegen 0.26/turn    (no ring)
MPRegen 0.08/turn

%: no passive effects
@: on fire, glowing
A: large, unfitting armour, horns 1, tough skin 1, double potion healing,
drunken brawling
a: Renounce Religion, Berserk


You were on level 2 of the Dungeon.
You worshipped Trog.
Trog was aware of your devotion.
You visited 1 branch of the dungeon, and saw 2 of its levels.

You collected 43 gold pieces.

Inventory:

Hand Weapons
 a - a +0 mace (weapon)
Missiles
 c - 20 stones (quivered)
Armour
 b - a +0 animal skin (worn)
Scrolls
 f - a scroll of revelation {unknown}
 g - a scroll of silence {unknown}
 h - a scroll of noise {unknown}
 i - a scroll of identify {unknown}
Potions
 d - a potion of resistance {unknown}
 e - 2 potions of curing {unknown}


   Skills:
 + Level 4.7 Fighting
 * Level 4.0 Maces & Flails
 - Level 2.6 Dodging


You had 2 spell levels left.
You didn't know any spells.
Your spell library was empty.

Dungeon Overview and Level Annotations

Branches:
Dungeon (2/15)

Altars:

Shops:
D:2 [


Innate Abilities, Weirdness & Mutations

You are too large for most types of armour.
You have a pair of small horns on your head.
You have tough skin. (AC +1)
You gain doubled healing and magic from potions.
Whenever you drink a healing potion, you attack all around you.


Message History

You see here a +0 club.
Unknown command.
The bombardier beetle sprays incendiary fluid at you.
The burning spray hits you.
You are covered in liquid fire!
You hit the bombardier beetle.
You headbutt the bombardier beetle, but do no damage.
The bombardier beetle is lightly wounded.
The liquid fire burns you!
The bombardier beetle barely misses you.
You hit the bombardier beetle.
The bombardier beetle is lightly wounded.
The liquid fire burns you!
You hit the bombardier beetle but do no damage.
Your headbutt misses the bombardier beetle.
The bombardier beetle is lightly wounded.
The liquid fire burns you!
* * * LOW HITPOINT WARNING * * *
The bombardier beetle sprays incendiary fluid at you.
The burning spray hits you.
You are even more covered in liquid fire!
You hit the bombardier beetle but do no damage.
Your headbutt misses the bombardier beetle.
The bombardier beetle is lightly wounded.
The liquid fire burns you!
* * * LOW HITPOINT WARNING * * *
The bombardier beetle sprays incendiary fluid at you.
The burning spray hits you.
You are even more covered in liquid fire!
You hit the bombardier beetle but do no damage.
You headbutt the bombardier beetle.
The bombardier beetle is heavily wounded.
The liquid fire burns you!
* * * LOW HITPOINT WARNING * * *
The bombardier beetle bites you.
* * * LOW HITPOINT WARNING * * *
You shake off some of the fire as you move.
The liquid fire burns you!
* * * LOW HITPOINT WARNING * * *
Unknown command.
You shake off some of the fire as you move.
The liquid fire burns you!
* * * LOW HITPOINT WARNING * * *
The bombardier beetle sprays incendiary fluid at you.
The burning spray hits you.
You are even more covered in liquid fire!
Unknown command.
You fail to use your ability.
The liquid fire burns you!
You die...

.........##.##....###
.........+..##....'..
.........#####....#..
...#####.#####∩...#.#
##.#...#.....#....#.#
#####+#...#..##.#....#:.
........?.#.....#....###
......$.B.#.##..#....#
.......@..).....#....#
..........#.....######
.....[....#######
#####+###.# #.# #.# #.#
#.#


You could see a bombardier beetle.

Vanquished Creatures
  An adder (D:2)
  A dart slug (D:1)
  A ball python (D:1)
  An endoplasm (D:1)
  2 giant cockroaches
  5 goblins
  A hobgoblin (D:1)
  2 jackals (D:1)
  3 kobolds (D:1)
  2 quokkas
  3 bats (D:1)
  A frilled lizard (D:1)
  2 rats (D:1)
25 creatures vanquished.

Notes
Turn   | Place    | Note
-------+----------+-------------------------------------------
     0 | D:1      | Sobieck the Oni Berserker began the quest for the Orb.
     0 | D:1      | Reached XP level 1. HP: 24/24 MP: 1/1
    66 | D:1      | Reached XP level 2. HP: 28/32 MP: 2/2
   599 | D:1      | Reached XP level 3. HP: 40/40 MP: 3/3
   840 | D:2      | Found Moitibb's Antique Armour Emporium.
   983 | D:2      | Incinerated by a bombardier beetle

Illustrated notes

Levels and vault maps discovered:
D:1:      lemuel_arrival_cross, layout_loops_ring
D:2:      layout_basic, serial_shops, shop, shop, minmay_misc_feat_more_columns

Skill      XL: |  1  2  3 |
---------------+----------+-----
Maces & Flails | 4 |  4.0
Fighting       | |  4.7
Dodging        | |  2.6

Action                     || total
---------------------------++-------
  Melee: Mace              ||    54
         Headbutt          ||    13
         Punch             ||     3
 Armour: Animal skin       ||    37
  Dodge: Dodged            ||    21

Table legend: (Time is in decaauts)
 A = Elapsed time spent in this place.
 B = Non-inter-level travel time spent in this place.
 C = Inter-level travel time spent in this place.
 D = Time resting spent in this place.
 E = Time spent auto-exploring this place.
 F = Levels seen in this place.
 G = Mean time per level.
                   A        B        C        D        E       F      G
               +--------+--------+--------+--------+--------+-----+--------+
         Total |    994 |    965 |     29 |      3 |    815 |   2 |  497.0 |
       Dungeon |    994 |    965 |     29 |      3 |    815 |   2 |  497.0 |
               +--------+--------+--------+--------+--------+-----+--------+

Top non-repeatable levels by time:
     D:1: 845 daAuts
     D:2: 149 daAuts
